[Event "ICC tourney 1954 (60 10)"]
[Site "Internet Chess Club"]
[Date "2020.08.07"]
[Round "3"]
[White "che108642"]
[Black "catseyenebula"]
[Result "0-1"]
[ICCResult "White checkmated"]
[WhiteElo "1308"]
[BlackElo "1255"]
[Opening "Queen's pawn: Chigorin variation"]
[ECO "D00"]
[NIC "QP.08"]
[Time "18:36:36"]
[TimeControl "3600+10"]

1. d4 d5 2. Nc3 Nf6 3. Bf4 a6 4. e3 e6 5. a3 Bd6 6. Bg3 O-O 7. Bd3 c5 8.
dxc5 Bxc5 9. Nf3 Nc6 10. Qd2 b5 11. O-O Re8 12. e4 dxe4 13. Nxe4 Nxe4 14.
Bxe4 Bb7 15. Qc3 Na5 16. Bxh7+ Kxh7 17. Qxc5 Bxf3 18. gxf3 Kg8 19. Qh5 Rc8
20. Rad1 Qf6 21. Be5 Qf5 22. Qxf5 exf5 23. Bc3 Nc4 24. Rd5 Nxa3 25. Ra1 Nxc2
26. Rxa6 b4 27. Be5 Ne1 28. Bf4 Nxf3+ 29. Kg2 Ne1+ 30. Kg3 g6 31. Rb6 Nc2
32. Bd2 Rb8 33. Rc6 Ne1 34. Be3 Rbd8 35. Rb5 Nd3 36. Rc7 Re4 37. Rbb7 f4+
38. Kf3 fxe3 39. fxe3 Rde8 40. Kg2 Ne5 41. Kf2 Rf8 42. h3 Nd3+ 43. Kf3 Rh4
44. Kg3 g5 45. b3 Kg7 46. Rc4 Rxc4 47. bxc4 Rc8 48. Rb5 f6 49. Rb7+ Kg6 50.
Kf3 Rxc4 51. Ke2 Nc5 52. Rb8 b3 53. Kd2 Rh4 54. Rc8 Ne4+ 55. Kd3 Nf2+ 56.
Kc3 Rxh3 57. Kxb3 Rxe3+ 58. Kc2 Ne4 59. Kd1 Rc3 60. Re8 Kf5 61. Ke2 g4 62.
Kf1 g3 63. Kg2 Rc2+ 64. Kf3 g2 65. Rxe4 g1=Q 66. Rf4+ Kg6 67. Rg4+ Qxg4+ 68.
Kxg4 Rc5 69. Kf4 f5 70. Kf3 Rc4 71. Kf2 Rc3 72. Ke2 Kg5 73. Kf2 Kf4 74. Kg2
Ra3 75. Kf2 Ra2+ 76. Ke1 Ke3 77. Kd1 Rh2 78. Kc1 Kd3 79. Kb1 Kc3 80. Ka1 Kb3
81. Kb1 Rh1# {White checkmated} 0-1

[Event "ICC tourney 1954 (60 10)"]
[Site "Internet Chess Club"]
[Date "2020.08.07"]
[Round "3"]
[White "gsgirl"]
[Black "ChemStud24"]
[Result "0-1"]
[ICCResult "White checkmated"]
[WhiteElo "943"]
[BlackElo "1358"]
[Opening "Queen's pawn: London system"]
[ECO "A45"]
[NIC "QP.07"]
[Time "18:36:22"]
[TimeControl "3600+10"]

1. d4 Nf6 2. Bf4 d5 3. e3 c5 4. c3 e6 5. Nf3 Nbd7 6. Nbd2 Be7 7. Bd3 O-O 8.
O-O Nh5 9. Bg3 Nxg3 10. hxg3 Qc7 11. Kh2 h5 12. Rh1 e5 13. Kg1 e4 14. Ne5 h4
15. Nxd7 Bxd7 16. Bc2 Qd8 17. gxh4 cxd4 18. exd4 Rc8 19. Bb3 Bc6 20. Nf1 a5
21. a4 Qc7 22. Ne3 Rfd8 23. Qg4 Bd7 24. Qh5 g6 25. Qxd5 Be6 26. Qb5 Bxb3 27.
Qxb3 Qf4 28. Nd5 Rxd5 29. Qxd5 Bxh4 30. g3 Bxg3 31. Rf1 Qg4 32. Rh2 Bxh2+
33. Kxh2 Qh4+ 34. Kg1 Qg4+ 35. Kh2 Qf4+ 36. Kg1 Kg7 37. Qe5+ Qxe5 38. dxe5
Rc4 39. Ra1 g5 40. Kg2 Kg6 41. Rd1 Rxa4 42. Rd6+ Kf5 43. Rf6+ Kxe5 44. Rxf7
Rc4 45. Rxb7 a4 46. Rb4 Kd5 47. Kg3 Rxb4 48. cxb4 Kc4 49. f4 gxf4+ 50. Kxf4
Kxb4 51. Kxe4 Kb3 52. Kd3 Kxb2 53. Kd2 a3 54. Kd3 a2 55. Kc4 a1=Q 56. Kd3
Qa4 57. Ke3 Kc2 58. Ke2 Qd4 59. Kf3 Kd2 60. Kg3 Ke2 61. Kg2 Qf4 62. Kh1 Qg4
63. Kh2 Kf2 64. Kh1 Qg2# {White checkmated} 0-1

[Event "ICC tourney 1954 (60 10)"]
[Site "Internet Chess Club"]
[Date "2020.08.08"]
[Round "4"]
[White "LittlePawn135"]
[Black "BArkadia"]
[Result "1-0"]
[ICCResult "Black checkmated"]
[WhiteElo "518"]
[BlackElo "1062"]
[Opening "Ruy Lopez: exchange variation, 5.O-O"]
[ECO "C68"]
[NIC "RL.08"]
[Time "12:02:48"]
[TimeControl "3600+10"]

1. e4 e5 2. Nf3 Nc6 3. Bb5 a6 4. Bxc6 dxc6 5. O-O Bd6 6. Re1 Nf6 7. d4 Bg4
8. dxe5 Bxf3 9. Qxf3 Bxe5 10. Nc3 h6 11. Bf4 Bxf4 12. Qxf4 Nh5 13. Qe5+ Kf8
14. Qxh5 g6 15. Qe5 Kg8 16. Rad1 Qh4 17. Qxc7 Qg5 18. Qxb7 Re8 19. Qxc6 Rf8
20. Qxa6 h5 21. Qb5 Qg4 22. Qe5 h4 23. Nd5 h3 24. Nf6+ Kg7 25. Nxg4+ Kg8 26.
Nf6+ Kg7 27. Ne8+ Kg8 28. Qg7# {Black checkmated} 1-0

[Event "ICC tourney 1954 (60 10)"]
[Site "Internet Chess Club"]
[Date "2020.08.08"]
[Round "4"]
[White "lovechess12"]
[Black "sskavin14"]
[Result "1-0"]
[ICCResult "Black checkmated"]
[WhiteElo "1223"]
[BlackElo "882"]
[Opening "Sicilian defense"]
[ECO "B41"]
[NIC "SI.43"]
[Time "12:02:58"]
[TimeControl "3600+10"]

1. e4 c5 2. Nf3 e6 3. d4 Nc6 4. d5 exd5 5. exd5 Nb4 6. a3 Na6 7. d6 h6 8.
Bc4 Nf6 9. Qe2+ Be7 10. O-O b6 11. Nh4 Bb7 12. Nf5 Ng8 13. Re1 Nf6 14. dxe7
Qc7 15. Nxg7# {Black checkmated} 1-0

[Event "ICC tourney 1954 (60 10)"]
[Site "Internet Chess Club"]
[Date "2020.08.08"]
[Round "4"]
[White "Checkmate1970"]
[Black "stepke"]
[Result "0-1"]
[ICCResult "White checkmated"]
[WhiteElo "857"]
[BlackElo "1321"]
[Opening "Sicilian defense"]
[ECO "B30"]
[NIC "SI.31"]
[Time "12:02:58"]
[TimeControl "3600+10"]

1. e4 c5 2. Nf3 Nc6 3. Nc3 a6 4. d4 cxd4 5. Nxd4 e5 6. Nxc6 bxc6 7. Bc4 Nf6
8. Bg5 Be7 9. Bxf6 Bxf6 10. Qh5 O-O 11. O-O-O a5 12. g4 Ba6 13. Bd3 Bxd3 14.
Rxd3 g6 15. Qh6 Bg5+ 16. Qxg5 Qxg5+ 17. Kb1 Rfd8 18. h4 Qxg4 19. h5 Qg2 20.
Rdh3 g5 21. R3h2 Qf3 22. Rg1 h6 23. Rhg2 f6 24. Nd1 Qxe4 25. Ne3 d5 26. Ng4
Kg7 27. b3 a4 28. b4 Qxb4+ 29. Kc1 a3 30. Ne3 Qb2+ 31. Kd1 Qxa2 32. Nf5+ Kh7
33. Ne7 Qb1+ 34. Ke2 Qxc2+ 35. Kf3 Qd3+ 36. Kg4 Ra4+ 37. f4 Rxf4#
{White checkmated}
0-1

[Event "ICC tourney 1954 (60 10)"]
[Site "Internet Chess Club"]
[Date "2020.08.08"]
[Round "4"]
[White "Leifpaulson"]
[Black "pvegesana"]
[Result "1-0"]
[ICCResult "Black resigns"]
[WhiteElo "1061"]
[BlackElo "1343"]
[Opening "Queen's pawn, Mason variation"]
[ECO "D00"]
[NIC "QP.08"]
[Time "12:02:53"]
[TimeControl "3600+10"]

1. d4 d5 2. Bf4 Bf5 3. Nf3 Nc6 4. e3 a6 5. Nbd2 Nf6 6. c4 e6 7. c5 Be7 8.
Ne5 Nxe5 9. Bxe5 O-O 10. Be2 Rc8 11. O-O Nd7 12. Nf3 Nxe5 13. Nxe5 b6 14.
Bxa6 Ra8 15. Bb7 Ra7 16. Nc6 Qe8 17. Nxa7 Qb8 18. Nc6 Qxb7 {Black resigns}
1-0

[Event "ICC tourney 1954 (60 10)"]
[Site "Internet Chess Club"]
[Date "2020.08.08"]
[Round "4"]
[White "AF8"]
[Black "Lucasmoon17"]
[Result "1-0"]
[ICCResult "Black checkmated"]
[WhiteElo "1024"]
[BlackElo "685"]
[Opening "Robatsch (modern) defense"]
[ECO "B06"]
[NIC "KF.05"]
[Time "12:03:17"]
[TimeControl "3600+10"]

1. e4 g6 2. d4 Bg7 3. Nf3 Nf6 4. Nc3 O-O 5. Bc4 e6 6. Bg5 b6 7. e5 d5 8.
exf6 Bxf6 9. Bxf6 Qxf6 10. Bd3 Bb7 11. O-O Nc6 12. Ne2 Nb4 13. c3 Nxd3 14.
Qxd3 a5 15. Ne5 Rfd8 16. Ng4 Qg5 17. h3 Ba6 18. Qf3 Qd2 19. Ng3 Qxb2 20.
Nh6+ Kg7 21. Qxf7+ Kxh6 22. Rfb1 Qxc3 23. Qxe6 Qxd4 24. Nf5+ Kh5 25. Nxd4
Bd3 26. g4+ Kh4 27. Nf3+ Kxh3 28. g5+ Bf5 29. Qe3 Re8 30. Ne5+ Kh4 31. Qg3+
Kh5 32. Kg2 c5 33. Rh1+ Bh3+ 34. Rxh3# {Black checkmated} 1-0

[Event "ICC tourney 1954 (60 10)"]
[Site "Internet Chess Club"]
[Date "2020.08.08"]
[Round "4"]
[White "ClydeChess"]
[Black "jerryjhzhang"]
[Result "1-0"]
[ICCResult "Black resigns"]
[WhiteElo "1282"]
[BlackElo "824"]
[Opening "Grünfeld: Russian variation"]
[ECO "D97"]
[NIC "GI.10"]
[Time "12:02:19"]
[TimeControl "3600+10"]

1. d4 Nf6 2. c4 g6 3. Nf3 Bg7 4. Nc3 d5 5. Qb3 dxc4 6. Qxc4 Be6 7. d5 Nxd5
8. Nxd5 Bxd5 9. Qc2 O-O 10. e4 Be6 11. Bg5 Nc6 12. a3 Nd4 13. Nxd4 Bxd4 14.
Rd1 Qd7 15. Be3 Bc3+ 16. Qxc3 Qc8 17. Bh6 f6 18. Bxf8 Kxf8 19. Be2 b6 20.
O-O Qb7 21. Qe3 h5 22. Qh6+ Kf7 23. Qh7+ {Black resigns} 1-0

[Event "ICC tourney 1954 (60 10)"]
[Site "Internet Chess Club"]
[Date "2020.08.08"]
[Round "4"]
[White "srirammarni"]
[Black "Alberttheshow"]
[Result "1-0"]
[ICCResult "Black checkmated"]
[WhiteElo "904"]
[BlackElo "539"]
[Opening "Ruy Lopez: Caro variation"]
[ECO "C70"]
[NIC "RL.09"]
[Time "12:02:18"]
[TimeControl "3600+10"]

1. e4 e5 2. Nf3 Nc6 3. Bb5 a6 4. Ba4 b5 5. Bb3 Nf6 6. Nc3 Bc5 7. O-O O-O 8.
d3 d6 9. Nd5 Bg4 10. h3 Bh5 11. Bg5 h6 12. Bh4 Nd4 13. Nxf6+ gxf6 14. c3
Nxf3+ 15. gxf3 Kh8 16. Qd2 Rg8+ 17. Bg3 Kg7 18. d4 Bb6 19. Bd5 Rc8 20. Kh2
Bxf3 21. Rg1 Rh8 22. Bh4+ Kf8 23. Qe3 Bh5 24. Bb7 Rb8 25. Bxa6 exd4 26. cxd4
c5 27. dxc5 Bxc5 28. Qf4 Ke7 29. Bxf6+ Kd7 30. Bxd8 Rbxd8 31. Qf5+ Kc7 32.
Qxh5 Kb6 33. b4 Bxf2 34. Qxb5+ Kc7 35. Rgc1+ Bc5 36. bxc5 Rb8 37. cxd6+ Kxd6
38. Qc5+ Kd7 39. Rd1+ Ke6 40. Qf5+ Ke7 41. Rd7+ Ke8 42. Qxf7# {Black
checkmated} 1-0

[Event "ICC tourney 1954 (60 10)"]
[Site "Internet Chess Club"]
[Date "2020.08.08"]
[Round "4"]
[White "neelansh2489"]
[Black "nathanarnold12"]
[Result "0-1"]
[ICCResult "White checkmated"]
[WhiteElo "1115"]
[BlackElo "1377"]
[Opening "Grünfeld: 5.e3"]
[ECO "D94"]
[NIC "GI.09"]
[Time "12:02:09"]
[TimeControl "3600+10"]

1. d4 Nf6 2. c4 g6 3. Nc3 d5 4. e3 Bg7 5. Nf3 O-O 6. b3 c5 7. Bb2 cxd4 8.
Nxd4 e5 9. Nf3 Bg4 10. h3 Bxf3 11. Qxf3 e4 12. Qd1 Qa5 13. Qd2 Rd8 14. Qc2
Nc6 15. a3 d4 16. b4 Qg5 17. Nxe4 Nxe4 18. Qxe4 dxe3 19. f4 Qg3+ 20. Ke2
Qf2# {White checkmated} 0-1

[Event "ICC tourney 1954 (60 10)"]
[Site "Internet Chess Club"]
[Date "2020.08.08"]
[Round "4"]
[White "Tiger2010"]
[Black "Andrew588"]
[Result "1-0"]
[ICCResult "Black checkmated"]
[WhiteElo "700"]
[BlackElo "1159"]
[Opening "Ruy Lopez: old Steinitz defense"]
[ECO "C62"]
[NIC "RL.02"]
[Time "12:02:58"]
[TimeControl "3600+10"]

1. e4 e5 2. Nf3 Nc6 3. Bb5 d6 4. Nc3 Nf6 5. O-O a6 6. Ba4 b5 7. Bb3 Bb7 8.
d4 d5 9. Bg5 Be7 10. Bxf6 Bxf6 11. Nxd5 Nxd4 12. Nxd4 exd4 13. Nxf6+ Qxf6
14. Re1 O-O-O 15. Qg4+ Kb8 16. Rad1 Rhe8 17. f3 c5 18. Qg3+ Qe5 19. f4 Qc7
20. Bd5 Bxd5 21. exd5 Rxe1+ 22. Rxe1 Rxd5 23. Re8+ Rd8 24. Rxd8+ Qxd8 25.
f5+ Qc7 26. Qxg7 Qe7 27. Qg3+ Kb7 28. Qf3+ Kb6 29. Qg3 f6 30. c3 Qe4 31.
Qd6+ Ka5 32. b4+ Ka4 33. Qxa6# {Black checkmated} 1-0

[Event "ICC tourney 1954 (60 10)"]
[Site "Internet Chess Club"]
[Date "2020.08.08"]
[Round "4"]
[White "tasawyer81"]
[Black "Remington"]
[Result "1-0"]
[ICCResult "Black resigns"]
[WhiteElo "942"]
[BlackElo "699"]
[Opening "King's Indian: 6.Be2"]
[ECO "E91"]
[NIC "KI.19"]
[Time "12:02:22"]
[TimeControl "3600+10"]

1. d4 Nf6 2. c4 d6 3. Nc3 g6 4. Nf3 Bg7 5. e4 O-O 6. Be2 c5 7. Be3 cxd4 8.
Bxd4 Nc6 9. O-O e5 10. Be3 b6 11. Qc2 Be6 12. Rad1 Qe7 13. Nd5 Qb7 14. h3
Rfd8 15. Bg5 Bxd5 16. cxd5 Nb4 17. Qa4 a5 18. Bb5 Rdc8 19. a3 Nxe4 20. axb4
Qa7 21. Bc6 Rab8 22. bxa5 bxa5 23. Qxe4 {Black resigns} 1-0

[Event "ICC tourney 1954 (60 10)"]
[Site "Internet Chess Club"]
[Date "2020.08.08"]
[Round "4"]
[White "ProfP"]
[Black "mihirppatil04"]
[Result "0-1"]
[ICCResult "White resigns"]
[WhiteElo "595"]
[BlackElo "1216"]
[Opening "Caro-Kann: advance variation"]
[ECO "B12"]
[NIC "CK.04"]
[Time "12:02:17"]
[TimeControl "3600+10"]

1. e4 c6 2. d4 d5 3. e5 Bf5 4. Nf3 e6 5. Bd3 Bxd3 6. Qd2 Bg6 7. O-O c5 8. c3
Nc6 9. Qf4 Be7 10. a3 c4 11. Nbd2 Nh6 12. b3 b5 13. b4 Nf5 14. a4 a6 15.
axb5 axb5 16. Rxa8 Qxa8 17. Bb2 Qa2 18. Rb1 Nh6 19. Ra1 Qxb2 20. Ra8+ Nd8
21. h3 Qxc3 22. Ng5 O-O 23. Ndf3 Nf5 24. Ra7 Bxg5 25. Nxg5 Qxd4 26. Qf3 Qxa7
{White resigns}
0-1

[Event "ICC tourney 1954 (60 10)"]
[Site "Internet Chess Club"]
[Date "2020.08.08"]
[Round "4"]
[White "Jeffchess"]
[Black "tenuun"]
[Result "1-0"]
[ICCResult "Black checkmated"]
[WhiteElo "1370"]
[BlackElo "1128"]
[Opening "Sicilian: Canal-Sokolsky attack, 3...Bd7"]
[ECO "B52"]
[NIC "SI.01"]
[Time "12:02:32"]
[TimeControl "3600+10"]

1. e4 c5 2. Nf3 d6 3. Bb5+ Bd7 4. Qe2 Bxb5 5. Qxb5+ Qd7 6. Qxd7+ Nxd7 7. Nc3
Ngf6 8. d3 g6 9. Bg5 Bg7 10. O-O-O O-O 11. Rhe1 e5 12. Nb5 a6 13. Nxd6 b5
14. c4 Rab8 15. cxb5 axb5 16. a4 bxa4 17. Nc4 Nb6 18. Ncxe5 Nfd7 19. Be7
Rfe8 20. Bd6 Rb7 21. d4 cxd4 22. Nxd7 Nxd7 23. Nxd4 Rb4 24. Bxb4 Rb8 25. Bc3
Nc5 26. Ne2 Nxe4 27. Bxg7 Kxg7 28. Rd7 Rc8+ 29. Kb1 Rb8 30. Ka2 Nc5 31. Ra7
Nd3 32. Rb1 Nc5 33. Nd4 Rb4 34. Rd1 Ne4 35. Ka3 Rb6 36. Re1 Ng5 37. Ree7 Rf6
38. f4 Rxf4 39. Ne6+ Nxe6 40. Rxe6 Kh6 41. Ree7 Kg7 42. g3 Rf2 43. Kxa4 Rf5
44. b4 h5 45. b5 Rf6 46. Ka5 Rd6 47. b6 Rd5+ 48. Ka6 Kf8 49. Rxf7+ Ke8 50.
Rh7 Rd7 51. Raxd7 Kf8 52. Rd8# {Black checkmated} 1-0

[Event "ICC tourney 1954 (60 10)"]
[Site "Internet Chess Club"]
[Date "2020.08.08"]
[Round "4"]
[White "GIML"]
[Black "NJLandshark"]
[Result "1-0"]
[ICCResult "Black resigns"]
[WhiteElo "1109"]
[BlackElo "1173"]
[Opening "Caro-Kann: Tartakower (fantasy) variation"]
[ECO "B12"]
[NIC "CK.02"]
[Time "12:02:29"]
[TimeControl "3600+10"]

1. e4 c6 2. d4 d5 3. f3 e6 4. Be3 dxe4 5. fxe4 Nf6 6. Nc3 Bb4 7. Bd3 O-O 8.
Qd2 Nbd7 9. Nf3 Ng4 10. Bf4 h6 11. h3 Ngf6 12. Bxh6 Nh7 13. e5 Re8 14. Ng5
Nxg5 15. Bxg5 Qc7 16. O-O g6 17. Qf4 Nb6 18. Ne4 Nd5 19. Nf6+ Nxf6 20. Bxf6
Be7 21. Qh6 {Black resigns} 1-0

[Event "ICC tourney 1954 (60 10)"]
[Site "Internet Chess Club"]
[Date "2020.08.08"]
[Round "4"]
[White "Rishid7"]
[Black "firelionpro"]
[Result "1-0"]
[ICCResult "Black resigns"]
[WhiteElo "925"]
[BlackElo "836"]
[Opening "Giuoco Piano"]
[ECO "C50"]
[NIC "IG.02"]
[Time "12:02:42"]
[TimeControl "3600+10"]

1. e4 e5 2. Nf3 Nc6 3. Bc4 Bc5 4. O-O d6 5. Nc3 Bg4 6. d3 Nd4 7. h3 Bh5 8.
g4 Nxf3+ 9. Qxf3 Bg6 10. Be3 Bxe3 11. fxe3 Nf6 12. Nd5 O-O 13. Nxf6+ gxf6
14. Qxf6 Qc8 15. Rf2 Qd7 16. Rg2 c6 17. Rf1 d5 18. exd5 cxd5 19. Bb3 a5 20.
Qxe5 a4 21. Bxd5 Rae8 22. Qd4 Qd6 23. Bxf7+ Rxf7 24. Qxd6 Rxf1+ 25. Kxf1
Rf8+ {Black resigns} 1-0

[Event "ICC tourney 1954 (60 10)"]
[Site "Internet Chess Club"]
[Date "2020.08.08"]
[Round "4"]
[White "MBashur"]
[Black "yimaster"]
[Result "1-0"]
[ICCResult "Black resigns"]
[WhiteElo "944"]
[BlackElo "1156"]
[Opening "Queen's pawn: Charlick (Englund) gambit"]
[ECO "A40"]
[NIC "QO.17"]
[Time "12:02:36"]
[TimeControl "3600+10"]

1. d4 e5 2. dxe5 Nc6 3. Nf3 Qe7 4. Bg5 Qb4+ 5. Nc3 f6 6. a3 Qa5 7. b4 Nxb4
8. axb4 Qxb4 9. Bd2 Qc5 10. Ne4 Qe7 11. Ra5 b6 12. exf6 Nxf6 13. Re5 Qxe5
14. Nxe5 Nxe4 15. e3 Bd6 16. Qf3 Nxd2 17. Qf7+ Kd8 18. Qxg7 Bxe5 19. Qg5+
Ke8 20. Qxe5+ Kf7 21. Qxh8 Bb7 22. Qxh7+ Ke6 23. Kxd2 Rf8 24. Qh6+ Rf6 25.
Qh3+ Ke7 26. f3 Rd6+ 27. Ke2 Ba6+ 28. Kf2 Rd2+ 29. Kg3 Bc8 30. Qh7+ Kd6 31.
Bd3 c5 32. Qg6+ Kc7 33. Ra1 Kb7 34. Qe4+ Kb8 35. Qe5+ Kb7 36. Be4+ d5 37.
Bxd5+ {Black resigns} 1-0

[Event "ICC tourney 1954 (60 10)"]
[Site "Internet Chess Club"]
[Date "2020.08.08"]
[Round "4"]
[White "OwenT"]
[Black "Chai2006"]
[Result "0-1"]
[ICCResult "White resigns"]
[WhiteElo "1246"]
[BlackElo "981"]
[Opening "French defense"]
[ECO "C01"]
[NIC "FR.01"]
[Time "12:02:51"]
[TimeControl "3600+10"]

1. e4 e6 2. d4 Qh4 3. Nc3 Bb4 4. Bd3 Qf6 5. Nf3 Qg6 6. O-O Nc6 7. h3 Bxc3 8.
bxc3 Qh5 9. Be2 Qa5 10. Bd2 Nf6 11. Bd3 d6 12. a4 Qh5 13. Re1 e5 14. d5 Ne7
15. c4 Nd7 16. Be2 Qg6 17. Bd3 Nc5 18. Nh4 Qf6 19. Qh5 h6 20. g4 g6 21. g5
hxg5 22. Qxg5 Qg7 23. Kg2 Rh5 24. Qg3 Qh8 25. Nf3 Rxh3 26. Qg5 f6 27. Qg3
Rxg3+ {White resigns} 0-1

[Event "ICC tourney 1954 (60 10)"]
[Site "Internet Chess Club"]
[Date "2020.08.08"]
[Round "4"]
[White "kstao17"]
[Black "Deanmoon32"]
[Result "1-0"]
[ICCResult "Black checkmated"]
[WhiteElo "577"]
[BlackElo "858"]
[Opening "Four knights: Rubinstein counter-gambit, 5.Be2"]
[ECO "C48"]
[NIC "KP.03"]
[Time "12:02:58"]
[TimeControl "3600+10"]

1. e4 e5 2. Nf3 Nc6 3. Nc3 Nf6 4. Bb5 Nd4 5. Be2 Bc5 6. d3 Ng4 7. O-O Nxf3+
8. Bxf3 Nf6 9. a3 O-O 10. Nd5 Nxd5 11. exd5 c6 12. dxc6 dxc6 13. Re1 Qd4 14.
Be3 Qd6 15. Bxc5 Qxc5 16. Rb1 Bf5 17. Be4 Bxe4 18. Rxe4 f5 19. Re3 Rad8 20.
Qe2 Rde8 21. Re1 f4 22. Re4 Qb5 23. b3 Qc5 24. b4 Qc3 25. d4 f3 26. gxf3
Rxf3 27. Rxe5 Rxe5 28. Qxe5 Qxc2 29. Qe6+ Rf7 30. Qe8+ Rf8 31. Qe6+ Kh8 32.
Qe8 Qxf2+ 33. Kh1 h6 34. Qe7 Kh7 35. Qe4+ Qf5 36. Qxf5+ Rxf5 37. Re7 Rf4 38.
Rxb7 Rxd4 39. Rxa7 h5 40. Kg2 Rd2+ 41. Kg3 Kh6 42. a4 Rb2 43. a5 Rxb4 44. a6
h4+ 45. Kh3 c5 46. Rb7 Ra4 47. a7 c4 48. Kg2 c3 49. Rc7 Ra2+ 50. Kh3 c2 51.
Kxh4 c1=Q 52. Rxc1 Rxh2+ 53. Kg4 Ra2 54. Rc6+ Kh7 55. Rc7 Ra4+ 56. Kg5 Kg8
57. Rc8+ Kf7 58. a8=Q Rxa8 59. Rxa8 g6 60. Ra6 Ke7 61. Kxg6 Kd7 62. Kf5 Kc7
63. Ke5 Kb7 64. Rd6 Kc7 65. Kd5 Kb8 66. Rd7 Kc8 67. Kc6 Kb8 68. Rc7 Ka8 69.
Kb6 Kb8 70. Rc6 Ka8 71. Rc8# {Black checkmated} 1-0

[Event "ICC tourney 1954 (60 10)"]
[Site "Internet Chess Club"]
[Date "2020.08.08"]
[Round "4"]
[White "potatos22"]
[Black "Justinl20202020"]
[Result "1-0"]
[ICCResult "Black resigns"]
[WhiteElo "956"]
[BlackElo "1014"]
[Opening "Ruy Lopez: Caro variation"]
[ECO "C70"]
[NIC "RL.09"]
[Time "12:02:42"]
[TimeControl "3600+10"]

1. e4 e5 2. Nf3 Nc6 3. Bb5 a6 4. Ba4 b5 5. Bb3 Nf6 6. O-O Bc5 7. a4 bxa4 8.
Bxa4 O-O 9. c3 Re8 10. d4 exd4 11. cxd4 Bb6 12. Nc3 Bb7 13. Re1 Na5 14. Bg5
h6 15. Bh4 g5 16. Bg3 c6 17. Qd3 c5 18. dxc5 Bxc5 19. Bc2 d6 20. e5 dxe5 21.
Qxd8 Raxd8 22. Rxa5 Bb4 23. Raxe5 Rxe5 24. Bxe5 Bxf3 25. Bxf6 Bxc3 26. bxc3
Bc6 27. Bxd8 {Black resigns} 1-0

[Event "ICC tourney 1954 (60 10)"]
[Site "Internet Chess Club"]
[Date "2020.08.08"]
[Round "4"]
[White "nirvana2020"]
[Black "azhang123"]
[Result "1-0"]
[ICCResult "Black checkmated"]
[WhiteElo "892"]
[BlackElo "1212"]
[Opening "French defense"]
[ECO "C00"]
[NIC "FR.01"]
[Time "12:02:05"]
[TimeControl "3600+10"]

1. e4 e6 2. Nf3 d5 3. exd5 exd5 4. Nc3 d4 5. Nb5 Nc6 6. Bc4 Bg4 7. a3 Nf6 8.
a4 Bd6 9. d3 O-O 10. Bg5 Bb4+ 11. c3 dxc3 12. Nxc3 Re8+ 13. Be3 Ne5 14. h3
Bxf3 15. gxf3 Ng6 16. Qb3 Bxc3+ 17. bxc3 Re7 18. Qxb7 Rb8 19. Qxa7 Nf4 20.
Kd2 Rb2+ 21. Kc1 c6 22. Qa6 Nxd3+ 23. Bxd3 Reb7 24. Qxc6 g6 25. Bd4 Nd5 26.
Bb5 Qg5+ 27. Kxb2 Qd2+ 28. Ka3 Rb8 29. Qxd5 Qf4 30. Be5 Qf5 31. Rad1 Rc8 32.
Qd8+ Rxd8 33. Rxd8# {Black checkmated} 1-0

[Event "ICC tourney 1954 (60 10)"]
[Site "Internet Chess Club"]
[Date "2020.08.08"]
[Round "4"]
[White "GradyL"]
[Black "Anishkor"]
[Result "0-1"]
[ICCResult "White checkmated"]
[WhiteElo "1075"]
[BlackElo "1360"]
[Opening "Giuoco Piano"]
[ECO "C54"]
[NIC "IG.02"]
[Time "12:02:58"]
[TimeControl "3600+10"]

1. e4 e5 2. Nf3 Nc6 3. Bc4 Bc5 4. c3 Nf6 5. d3 h6 6. Nbd2 d6 7. Nf1 Bg4 8.
Ng3 d5 9. exd5 Nxd5 10. O-O O-O 11. h3 Bh5 12. Qb3 Bxf3 13. gxf3 Nf4 14.
Bxf4 exf4 15. Ne4 Bb6 16. Qc2 Qh4 17. Kh2 Ne5 18. Qe2 Nxc4 19. dxc4 Rfe8 20.
Qd2 Rad8 21. Qc2 Re5 22. Rg1 Rh5 23. Nf6+ Qxf6 24. Rg4 Rh4 25. Rxh4 Qxh4 26.
Kg2 Rd6 27. b3 Rg6+ 28. Kf1 Qxh3+ 29. Ke2 Re6+ 30. Kd2 Qg2 31. Kc1 Re1+ 32.
Kb2 Rxa1 33. Kxa1 Qf1+ 34. Kb2 Qxf2 35. Qxf2 Bxf2 36. a4 h5 37. b4 h4 38. a5
h3 39. b5 h2 40. c5 h1=Q 41. b6 axb6 42. axb6 cxb6 43. cxb6 Qxf3 44. c4 Qe2+
45. Kc1 Be3+ 46. Kb1 Qxc4 47. Ka1 Qa4+ 48. Kb1 Qb3+ 49. Ka1 Bd4#
{White checkmated}
0-1

[Event "ICC tourney 1954 (60 10)"]
[Site "Internet Chess Club"]
[Date "2020.08.08"]
[Round "4"]
[White "sstao17"]
[Black "neo898913"]
[Result "0-1"]
[ICCResult "White checkmated"]
[WhiteElo "620"]
[BlackElo "1013"]
[Opening "French: advance, Nimzovich system"]
[ECO "C00"]
[NIC "FR.01"]
[Time "12:03:37"]
[TimeControl "3600+10"]

1. e4 e6 2. Nf3 d5 3. e5 c5 4. d4 Qb6 5. dxc5 Bxc5 6. a3 Bxf2+ 7. Ke2 Bd7 8.
c3 Bb5+ 9. Kd2 Nc6 10. Bxb5 Qxb5 11. Qf1 Qb6 12. b4 Be3+ 13. Kc2 Bxc1 14.
Kxc1 Qe3+ 15. Kc2 Nxe5 16. Nxe5 Qxe5 17. Qf2 Nf6 18. Qe1 Qxe1 19. Rxe1 Kd7
20. Nd2 Rhc8 21. Re3 Rc7 22. Rc1 Rac8 23. Kb2 b6 24. Nb1 Ne4 25. Rh3 h6 26.
Rf3 Ke7 27. g3 Rb7 28. Rd1 a5 29. Rc1 axb4 30. cxb4 Rxc1 31. Kxc1 Rc7+ 32.
Kb2 f6 33. Nc3 Nxc3 34. Rxc3 Rxc3 35. Kxc3 b5 36. Kd4 Kd6 37. h4 e5+ 38. Kd3
e4+ 39. Kd4 g5 40. h5 f5 41. Ke3 Ke5 42. Ke2 f4 43. g4 f3+ 44. Kf2 d4 45.
Ke1 d3 46. Kf2 d2 47. Ke3 d1=Q 48. Kf2 Qe2+ 49. Kg3 Qg2# {White checkmated}
0-1

[Event "ICC tourney 1954 (60 10)"]
[Site "Internet Chess Club"]
[Date "2020.08.08"]
[Round "4"]
[White "Aadarsh99"]
[Black "BearDBS"]
[Result "1-0"]
[ICCResult "Black resigns"]
[WhiteElo "1086"]
[BlackElo "1229"]
[Opening "Queen's pawn game, Darooha variation "]
[ECO "D02"]
[NIC "QP.06"]
[Time "12:02:58"]
[TimeControl "3600+10"]

1. d4 Nf6 2. Nf3 d5 3. g3 e6 4. Bg2 Be7 5. O-O O-O 6. Re1 b6 7. Nbd2 Bb7 8.
b3 Nbd7 9. Bb2 Rc8 10. c4 c5 11. Ne5 Nxe5 12. dxe5 Ne4 13. Nxe4 dxe4 14. Qc2
Qc7 15. Bxe4 Bxe4 16. Qxe4 a6 17. Red1 b5 18. Rac1 Qa5 19. a3 Rfd8 20. Qb7
Rc7 21. Rxd8+ Bxd8 22. Qe4 Rd7 23. Qc6 Re7 24. Qxc5 Qd2 25. Qd4 Qxd4 26.
Bxd4 bxc4 27. Rxc4 Kf8 28. Bc5 Ke8 29. Bxe7 Kxe7 30. a4 f6 31. exf6+ gxf6
32. Rc6 a5 33. Ra6 h5 34. Kg2 e5 35. Ra7+ Kd6 36. Rh7 Kc5 37. Rb7 e4 38.
Rb5+ Kd4 39. Rxh5 Be7 40. Rxa5 Bb4 41. Rb5 Kc3 42. h4 Kxb3 43. h5 Kxa4 44.
h6 Kxb5 45. h7 f5 46. h8=Q Bc5 47. Qe5 Kc4 48. Qxf5 Bd4 49. Qxe4 Kc5 50. g4
Bg7 51. Qe7+ {Black resigns} 1-0

[Event "ICC tourney 1954 (60 10)"]
[Site "Internet Chess Club"]
[Date "2020.08.08"]
[Round "4"]
[White "Snowzera"]
[Black "PirateKing"]
[Result "1-0"]
[ICCResult "Black resigns"]
[WhiteElo "1104"]
[BlackElo "845"]
[Opening "Caro-Kann: advance variation"]
[ECO "B12"]
[NIC "CK.04"]
[Time "12:02:07"]
[TimeControl "3600+10"]

1. e4 c6 2. d4 d5 3. e5 Bf5 4. c4 e6 5. cxd5 cxd5 6. Nf3 h6 7. Qa4+ Nd7 8.
Bb5 a6 9. Bxd7+ Qxd7 10. Qxd7+ Kxd7 11. Nc3 Bb4 12. Bd2 Bd3 13. Na4 Bxd2+
14. Kxd2 Bb5 15. Nb6+ Kc7 16. Nxa8+ Kb8 17. Nb6 Ne7 18. a4 Kc7 19. axb5 Kxb6
20. bxa6 bxa6 21. Rhc1 Nc6 22. Kc3 Rc8 23. b4 Kb5 24. Kb3 Ra8 25. Rc5+ Kb6
26. b5 Na5+ 27. Kb4 Nc4 28. Rc6+ Kb7 29. Raxa6 Rxa6 30. Rxa6 g5 31. Kc5 g4
32. Nh4 g3 33. hxg3 h5 34. Nf3 Nb6 35. Rxb6+ Kc7 36. Rc6+ Kb7 37. b6 h4 38.
Rc7+ Ka6 39. b7 Ka5 40. b8=Q {Black resigns} 1-0